AoeStats
← martin108

Black Forest

509126675Analyzed
4v4 RM · 8d ago on Sep 25, 2026· 51m 45s· 8 players
Game mode
Random Map
Map size
Large (8 player)
Population
200
Speed
Normal
Resources
Standard
Victory
Conquest
Starting age
Dark Age
Ending age
Imperial Age
RankedLock teamsTeams togetherTeam positionsShared explorationLock speedFull tech treeHidden civsTurbo modeCheats
Victory
Defeat
🇻🇳 Saxons · Vietnam
1011
+13
🇻🇳 Britons · Vietnam
1010
+13
🇹🇼 Spanish · Taiwan
936
+16
🇻🇳 Burgundians · Vietnam
921
+17
🇳🇱 Danes · Netherlands
970
-16
🇪🇪 Ethiopians · Estonia
944
-15
🇫🇷 Lithuanians · France
943
-15
🇬🇧 Varangians · United Kingdom
899
-13
neethgiE
9:24 Loom
11:42 Feudal Age
13:07 Double-Bit Axe
17:50 Castle Age
18:47 Bow Saw
18:44 Caravan
22:35 Horse Collar
24:08 Stone Mining
24:09 Gold Mining
25:29 Heavy Plow
30:26 Fishing Lines
35:17 Imperial Age
35:28 Husbandry
35:38 Bloodlines
35:28 Onager
39:45 Conscription
41:39 Conscription
41:46 Conscription
42:18 Scale Barding Armor
42:24 Forging
42:06 Vendel Legacy
43:30 Cavalier
46:46 Chain Barding Armor
47:02 Iron Casting
Blyad _Mann
0:28 Loom
12:42 Feudal Age
13:11 Double-Bit Axe
14:06 Horse Collar
18:13 Castle Age
16:04 Fishing Lines
16:26 Horse Collar
16:40 Stone Mining
16:47 Gold Mining
20:54 Gold Shaft Mining
21:49 Wheelbarrow
20:59 Fishing Lines
22:33 Bow Saw
24:39 Arson
26:01 Gillnets
28:26 Squires
28:11 Gambesons
31:23 Imperial Age
29:16 Heavy Plow
29:55 Gold Shaft Mining
29:49 Squires
29:39 Gambesons
29:14 Man-at-Arms
30:09 Scale Mail Armor
30:30 Forging
31:42 Chain Mail Armor
30:55 Long Swordsman
32:36 Iron Casting
32:33 Conscription
32:22 Caravan
32:02 Two-Handed Swordsman
32:47 Hamask
34:09 Plate Mail Armor
34:24 Hand Cart
34:41 Champion
36:11 Elite Jomsviking
36:40 Elite Varangian Guard
40:49 Pikeman
42:43 Blast Furnace
42:30 Siege Engineers
42:27 Northmen's Fury
42:34 Halberdier
47:41 Onager
Socrate78
1:20 Loom
11:43 Feudal Age
12:28 Double-Bit Axe
12:26 Horse Collar
17:41 Castle Age
17:00 Gold Mining
17:10 Stone Mining
21:37 Stone Shaft Mining
21:07 Heavy Plow
24:46 Bow Saw
25:22 Scale Barding Armor
26:08 Caravan
30:19 Husbandry
34:09 Imperial Age
32:19 Wheelbarrow
34:08 Hill Forts
35:21 Conscription
34:29 Cavalier
35:25 Forging
35:07 Fletching
35:32 Masonry
36:32 Ballistics
37:00 Hill Forts
36:30 Elite Leitis
38:15 Tower Shields
40:59 Architecture
41:29 Onager
42:35 Chain Barding Armor
42:51 Iron Casting
44:40 Chemistry
45:52 Plate Barding Armor
45:13 Paladin
47:34 Bombard Tower
martin108
12:36 Feudal Age
12:36 Loom
13:18 Double-Bit Axe
13:18 Horse Collar
15:23 Fishing Lines
20:35 Castle Age
21:18 Town Watch
21:34 Gillnets
22:27 Bow Saw
24:25 Gold Mining
24:30 Stone Mining
24:57 Heavy Plow
27:38 Forging
29:30 Iron Casting
28:56 Scale Mail Armor
33:48 Fortified Wall
33:35 Murder Holes
35:06 Arson
35:22 Squires
35:26 Royal Heirs
40:35 Ballistics
40:26 Masonry
40:43 Elite Skirmisher
44:57 Man-at-Arms
46:02 Chain Mail Armor
45:38 Fletching
48:39 Bodkin Arrow
48:45 Padded Archer Armor
48:55 Padded Archer Armor
david
12:49 Feudal Age
12:23 Double-Bit Axe
17:29 Castle Age
15:29 Horse Collar
22:30 Bow Saw
22:26 Stone Mining
30:49 Imperial Age
29:12 Gold Mining
30:09 Stone Shaft Mining
29:46 Pikeman
31:06 Wheelbarrow
31:00 Heavy Plow
32:34 Chemistry
34:29 Padded Archer Armor
34:18 Loom
38:16 Scale Mail Armor
38:32 Leather Archer Armor
41:06 Forging
40:32 Halberdier
41:30 Chain Mail Armor
42:03 Squires
42:40 Iron Casting
42:37 Hand Cart
42:11 Arson
43:54 Two-Man Saw
43:44 Conscription
45:27 Caravan
46:36 Masonry
46:07 Treadmill Crane
46:22 Murder Holes
47:59 Architecture
47:51 Ballistics
47:51 Bombard Tower
Miles
7:27 Loom
11:05 Feudal Age
11:49 Double-Bit Axe
18:34 Castle Age
17:06 Horse Collar
20:00 Bow Saw
20:31 Wheelbarrow
20:50 Heavy Plow
20:38 Fishing Lines
22:35 Stone Mining
25:32 Hand Cart
25:56 Stone Shaft Mining
25:14 Gold Mining
26:41 Gillnets
31:40 Scale Barding Armor
31:45 Forging
31:37 Padded Archer Armor
31:28 Fletching
31:25 Town Watch
34:59 Imperial Age
33:06 Leather Archer Armor
32:47 Bodkin Arrow
33:14 Chain Barding Armor
33:18 Town Patrol
34:25 Caravan
35:02 Iron Casting
36:32 Ring Archer Armor
36:02 Bracer
36:40 Plate Barding Armor
37:06 Blast Furnace
36:19 Guilds
37:21 Chemistry
36:43 Ballistics
36:18 Murder Holes
37:29 Two-Man Saw
37:16 Husbandry
37:28 Bloodlines
36:40 Cavalier
36:41 Light Cavalry
36:44 Elite Conquistador
37:45 Conscription
38:18 Redemption
38:19 Fervor
38:25 Block Printing
38:30 Sanctity
38:37 Bombard Tower
38:28 Fortified Wall
38:30 Masonry
38:11 Hussar
43:05 Architecture
42:27 Guard Tower
42:23 Arrowslits
45:09 Coinage
44:53 Paladin
Dong Anh
1:14 Loom
13:54 Feudal Age
21:03 Castle Age
20:04 Double-Bit Axe
20:58 Fletching
23:30 Wheelbarrow
22:32 Crossbowman
28:20 Ballistics
29:37 Bodkin Arrow
37:27 Imperial Age
37:34 Padded Archer Armor
38:34 Conscription
39:05 Gold Mining
39:34 Hand Cart
41:45 Chemistry
41:45 Arbalester
44:45 Leather Archer Armor
44:35 Bracer
46:50 Yeomen
49:23 Elite Longbowman
51:44 Leather Archer Armor
phamhaianh2109
13:22 Feudal Age
14:16 Double-Bit Axe
18:57 Castle Age
16:57 Stone Mining
21:58 Scale Mail Armor
24:20 Gambesons
25:32 Fishing Lines
26:17 Forging
26:17 Arson
27:45 Wheelbarrow
29:52 Bow Saw
30:20 Chain Mail Armor
30:09 Squires
30:05 Gold Mining
31:50 Iron Casting
34:57 Imperial Age
34:09 Hand Cart
36:38 Two-Man Saw
36:15 Conscription
36:35 Plate Mail Armor
35:34 Shield Wall
35:35 Elite Hearth Troop
36:09 Elite Varangian Guard
39:02 Pikeman
41:09 Halberdier
41:48 Gillnets
41:40 Horse Collar
42:38 Gold Shaft Mining
44:14 Caravan
47:43 Heavy Plow
Connection lost

Rejoining the realm…

Still unreachable

The connection could not be restored.

Session expired

The server has moved on; the page needs a fresh start.